 Dungeon Crawl Stone Soup version 0.29.1-15-g9cfb28693d (webtiles) character file.

Game seed: 6046401803286856907

354 jonaskbp the Magician (level 6, -12/41 HPs)
             Began as a Djinni Summoner on Apr 19, 2023.
             Was an Initiate of Yredelemnul.
             Mangled by Crazy Yiuf
             ... wielding a +4 quarterstaff of chaos
              (16 damage)
             ... on level 3 of the Dungeon on Apr 21, 2023.
             The game lasted 00:10:09 (3828 turns).

jonaskbp the Magician (Djinni Summoner)             Turns: 3828, Time: 00:10:10

Health: -12/41     AC:  5    Str:  7    XL:     6   Next: 95%
Gold:   84         EV: 12    Int: 19    God:    Yredelemnul [......] SH:  0 Dex: 13

rFire   + + .      SeeInvis .   o - +1 scythe (flame)
rCold   . . .      Faith    .   (shield currently unavailable)
rNeg    + + .      Spirit   .   p - +2 robe {rC+}
rPois   ∞          Reflect  .   h - +0 helmet
rElec   .          Harm     .   (no cloak)
rCorr   .          Rampage  .   (no gloves)
Will    .....                   (boots unavailable)
Stlth   ++........              (no amulet)
HPRegen 0.13/turn               f - ring of positive energy
MPRegen 0.00/turn               n - ring of positive energy

@: flying
A: sickness immunity, fire resistance 2, cold vulnerability 1, float, innate
caster, HP casting, extra vitality 1
a: Renounce Religion, Recall Undead Harvest


You were on level 3 of the Dungeon.
You worshipped Yredelemnul.
Yredelemnul was noncommittal.
You visited 1 branch of the dungeon, and saw 3 of its levels.

You collected 84 gold pieces.

Inventory:

Hand Weapons
 c - a +0 short sword
 e - a +2 short sword of freezing
 o - a +1 scythe of flaming (weapon)
Armour
 a - a +0 robe
 h - a +0 helmet (worn)
 p - a +2 robe of cold resistance (worn)
Jewellery
 f - a ring of positive energy (left hand)
 n - a ring of positive energy (right hand)
 r - a ring of protection from cold
Scrolls
 b - a scroll of poison {unknown}
 d - a scroll of brand weapon {unknown}
 i - a scroll of teleportation {unknown}
 j - a scroll of fog {unknown}
 l - 2 scrolls of identify {unknown}
Potions
 g - a potion of lignification {unknown}
 k - a potion of curing {unknown}
 m - a potion of might {unknown}
 q - 2 potions of flight {unknown}


   Skills:
 + Level 0.8 Fighting
 - Level 2.1 Dodging
 - Level 1.5 Stealth
 + Level 5.9 Spellcasting


You couldn't memorise any spells.
You knew the following spells:

 Your Spells              Type           Power      Damage    Failure   Level
a - Summon Small Mammal   Summ           100%       N/A       1%          1
b - Call Imp              Summ           28%        N/A       1%          2
c - Call Canine Familiar  Summ           28%        N/A       3%          3
d - Summon Guardian Gole  Hex/Summ       28%        N/A       3%          3
e - Summon Lightning Spi  Summ/Air       28%        N/A       10%         4
f - Magic Dart            Conj           100%       1d8       1%          1
g - Static Discharge      Conj/Air       28%        3-7/arc   1%          2
Your spell library was empty.

Dungeon Overview and Level Annotations

Branches:
Dungeon (3/15)

Altars:
Yredelemnul

Annotations:
D:3 Crazy Yiuf


Innate Abilities, Weirdness & Mutations

You are immune to sickness and miasma.
You are immune to poison.
Your flesh is very heat resistant. (rF++)
You are vulnerable to cold. (rC-)
You float through the air rather than walking.
You learn spells naturally, not from books.
Your magical power is your life essence.
You have superior vitality. (+4 MHP)


Message History

Confirm with . or Enter, or press ? or * to list all spells.
A shadowy apparition takes form in the air.
Crazy Yiuf hits your hound with a +4 quarterstaff of chaos.
Crazy Yiuf burns your hound.
Your hound bites Crazy Yiuf.
Your hound completely misses Crazy Yiuf.
Crazy Yiuf grits, "Key hand verde!"
Crazy Yiuf closely misses your hound.
Your hound bites Crazy Yiuf.
Crazy Yiuf hits your hound with a +4 quarterstaff of chaos.
Your hound bites Crazy Yiuf but does no damage.
Your hound bites Crazy Yiuf.
Crazy Yiuf hits your hound with a +4 quarterstaff of chaos.
Crazy Yiuf freezes your hound.
Your hound bites Crazy Yiuf.
Crazy Yiuf hits your hound with a +4 quarterstaff of chaos!
Crazy Yiuf burns your hound.
Your hound dies!
Your hound's corpse disappears in a puff of smoke!
You closely miss Crazy Yiuf.
Crazy Yiuf is moderately wounded.
Crazy Yiuf hits you with a +4 quarterstaff of chaos!
Crazy Yiuf hits you with a +4 quarterstaff of chaos.
Crazy Yiuf freezes you.
You barely miss Crazy Yiuf.
Crazy Yiuf is moderately wounded.
Crazy Yiuf laughs, "Fluff poople sow!"
Crazy Yiuf hits you with a +4 quarterstaff of chaos!
* * * LOW HITPOINT WARNING * * *
You swap places.
Crazy Yiuf closely misses your shadow imp.
Your shadow imp barely misses Crazy Yiuf.
You swap places.
You hear a shout!
Something hits your kobold zombie!!
Your kobold zombie is destroyed!
Crazy Yiuf attacks as you move away! Crazy Yiuf barely misses you.
Your guardian golem overheats!
Crazy Yiuf laughs, "You seventy sing!"
Crazy Yiuf attacks as you move away!
Crazy Yiuf hits you with a +4 quarterstaff of chaos!
You die...
Your body rises from the dead as a mindless zombie.

##.# ♣♣9♣ #.#.# #.# ♣g♣♣
#...# #.# ♣♣.♣ #####..# #>#
♣.♣♣ #.# #..# #.# ♣♣.♣♣
#>###..# #.########## ♣...♣♣
#......#### #..........#
♣.9..♣ ##.........
############ ##g.##
#.##.#####
###############.@..# #.##.#
...................#####.##.#
#############...............#
#############.### #.# #.#
############# ######.#
#.........Z.# #......#
#.#########.# #.######


You could see Crazy Yiuf (ally target) and a friendly guardian golem (summoned,
inner flame, agile).

Vanquished Creatures
  An adder (D:2)
  3 ball pythons
  An endoplasm (D:3)
  A goblin (D:2)
  2 hobgoblins (D:2)
  2 kobolds
  3 quokkas
  2 bats (D:2)
  2 rats (D:2)
17 creatures vanquished.

Vanquished Creatures (collateral kills)
  An adder (D:3)
  2 worms
  4 dart slugs
  An orc (D:3)
  4 ball pythons
  3 bats
  5 endoplasms
  2 giant cockroaches (D:1)
  A goblin (D:1)
  6 hobgoblins
  2 quokkas
  2 frilled lizards
  5 kobolds
  3 rats (D:1)
41 creatures vanquished.

Vanquished Creatures (others)
  Sigmund (D:3)
  Pargi (D:3)
  An adder zombie (D:3)
  A human zombie (D:3)
  3 bat zombies
  A hobgoblin (D:3)
  A hobgoblin zombie (D:3)
  2 kobold zombies (D:3)
  An orc zombie (D:3)
12 creatures vanquished.

Grand Total: 70 creatures vanquished

Notes
Turn   | Place    | Note
-------+----------+-------------------------------------------
     0 | D:1      | jonaskbp the Djinni Summoner began the quest for the Orb.
     0 | D:1      | jonaskbp set off with the following spells memorised:
                  | Summon Small Mammal, Call Imp, Call Canine Familiar, Summon
                  | Guardian Golem, Summon Lightning Spire.
     0 | D:1      | Reached XP level 1. HP: 15/15 MP: 0/0
   361 | D:1      | Reached XP level 2. HP: 16/21 MP: 0/0
   967 | D:1      | Reached XP level 3. HP: 24/25 MP: 0/0
   967 | D:1      | Learned a level 1 spell: Magic Dart
  1352 | D:2      | Reached skill level 4 in Spellcasting
  1860 | D:2      | Reached XP level 4. HP: 14/31 MP: 0/0
  2103 | D:2      | Found a faded altar of an unknown god.
  2109 | D:2      | Prayed at the altar of an unknown god.
  2109 | D:2      | Became a worshipper of Yredelemnul the Dark
  2109 | D:2      | Reached * piety under Yredelemnul
  2618 | D:2      | Reached ** piety under Yredelemnul
  2916 | D:3      | Noticed Sigmund
  2938 | D:3      | Killed Sigmund
  2939 | D:3      | Reached skill level 5 in Spellcasting
  2939 | D:3      | Reached XP level 5. HP: 21/36 MP: 0/0
  2939 | D:3      | Learned a level 2 spell: Static Discharge
  2939 | D:3      | Reached XP level 6. HP: 23/41 MP: 0/0
  2946 | D:3      | Your ally Sigmund died
  3345 | D:3      | Noticed Pargi
  3370 | D:3      | Killed Pargi
  3571 | D:3      | Found a runed translucent door.
  3572 | D:3      | Noticed Crazy Yiuf
  3828 | D:3      | Mangled by Crazy Yiuf

Illustrated notes

Levels and vault maps discovered:
D:1:      dpeg_cavernosity, layout_basic
D:2:      layout_basic, ebering_ecumenical_altar_hall
D:3:      layout_loops_ring, uniq_pargi, uniq_sigmund, uniq_crazy_yiuf_cottage

Skill      XL: |  1  2  3  4 |
---------------+-------------+-----
Spellcasting   | 4 5 |  5.9
Fighting       | |  0.8
Dodging        | |  2.1
Stealth        | |  1.5

Action                   |  1- 3 |  4- 6 || total
-------------------------+-------+-------++-------
Melee: Short sword       |    11 |     3 ||    14
       Unarmed           |     3 |       ||     3
       Halberd           |       |     4 ||     4
 Cast: Summon Small Mamm |    31 |    15 ||    46
       Call Imp          |    10 |    13 ||    23
       Magic Dart        |    27 |    13 ||    40
       Call Canine Famil |       |     6 ||     6
       Summon Guardian G |       |     3 ||     3
 Stab: Distracted        |       |     1 ||     1
Armor: Robe              |     4 |     3 ||     7
Dodge: Dodged            |    12 |     3 ||    15
